 Dungeon Crawl Stone Soup version 0.27-a0-594-g2aaa8dbbc2 (webtiles) character file.

Game seed: 9448539435785647861

9231 ReteAZ the Slicer (level 11, -1/86 HPs)
             Began as a Demonspawn Fighter on Mar 11, 2021.
             Was an Initiate of Gozag.
             Succumbed to a guardian serpent's bolt of poison
             ... on level 11 of the Dungeon.
             The game lasted 00:14:59 (13160 turns).

ReteAZ the Slicer (Demonspawn Fighter)             Turns: 13160, Time: 00:14:59

Health: -1/86      AC: 14    Str: 19    XL:     11   Next: 20%
Magic:  0/11       EV: 10    Int:  4    God:    Gozag
Gold:   1622       SH:  4    Dex: 11    Spells: 10/10 levels left

rFire    . . .     SeeInvis +   P - +2 great sword of Untruth {freeze, rElec rPois Int-5 Dex-3}
rCold    . . .     Faith    .   (shield currently unavailable)
rNeg     . . .     Spirit   +   G - +2 ring mail {rPois}
rPois    +         Reflect  .   (no helmet)
rElec    +         Harm     .   O - +2 cloak {Stlth+}
rCorr    +         Rampage  .   (no gloves)
Will     .....                  (no boots)
Stlth    ++........             H - amulet of guardian spirit
HPRegen  0.24/turn              y - ring of resist corrosion
MPRegen  0.12/turn              F - ring of see invisible

@: lethally poisoned (-1 -> -11)
A: talons 2, rugged brown scales 3, powered by death 1, condensation shield
a: Renounce Religion, Potion Petition, Call Merchant, Bribe Branch


You were on level 11 of the Dungeon.
You worshipped Gozag.
Gozag was most pleased with you.
You visited 2 branches of the dungeon, and saw 12 of its levels.

You collected 1914 gold pieces.
You spent 218 gold pieces at shops.
You paid 74 gold pieces to Gozag.

Inventory:

Hand Weapons
 a - a +0 rapier
 t - a +1 dagger of speed
 A - a +0 falchion
 D - a +0 vampiric dagger
 I - a +1 scimitar of freezing
 P - the +2 great sword of Untruth (weapon) {freeze, rElec rPois Int-5 Dex-3}
   (You bought it in a shop on level 6 of the Dungeon)

   It has been specially enchanted to freeze those struck by it, causing extra
   injury to most foes and up to half again as much damage against particularly
   susceptible opponents.
   It can also slow down cold-blooded creatures.
   It affects your intelligence (-5).
   It affects your dexterity (-3).
   It insulates you from electricity.
   It protects you from poison.
Missiles
 e - 2 curare-tipped darts
 n - 4 throwing nets (quivered)
 s - 5 javelins
 u - 77 poisoned darts
Armour
 b - a +0 scale mail
 c - a +0 kite shield
 v - a +0 chain mail
 G - a +2 ring mail of poison resistance (worn)
 L - a +1 cloak of preservation
 O - a +2 cloak of stealth (worn)
Jewellery
 y - a ring of resist corrosion (right hand)
 F - a ring of see invisible (left hand)
 H - an amulet of guardian spirit (around neck)
 M - a ring of fire
Wands
 f - a wand of paralysis (1)
 p - a wand of random effects (57)
 E - a wand of polymorph (20)
Scrolls
 k - 3 scrolls of teleportation
 m - 3 scrolls of immolation {unknown}
 o - 3 scrolls of enchant weapon {unknown}
 q - 11 scrolls of identify {unknown}
 w - 2 scrolls of random uselessness {unknown}
 x - a scroll of enchant armour {unknown}
 B - 2 scrolls of fog {unknown}
 C - a scroll of amnesia {unknown}
Potions
 d - a potion of haste {unknown}
 g - 5 potions of curing {unknown}
 h - a potion of berserk rage {unknown}
 i - 2 potions of flight {unknown}
 j - 3 potions of invisibility {unknown}
 l - 2 potions of heal wounds
 r - a potion of degeneration
 z - 4 potions of lignification {unknown}
 J - a potion of mutation {unknown}
 K - a potion of brilliance {unknown}
 N - a potion of attraction {unknown}


   Skills:
 + Level 5.6 Fighting
 - Level 14.0 Short Blades
 + Level 4.7 Armour
 + Level 4.7 Shields


You had 10 spell levels left.
You didn't know any spells.
Your spell library was empty.

Dungeon Overview and Level Annotations

Branches:
Dungeon (11/15)            Temple (1/1) D:4             Orc (0/2) D:10
   Lair: D:8-11

Altars:
Ashenzari
Cheibriados
Dithmenos
Elyvilon
Fedhas
Gozag
Hepliaklqana
Kikubaaqudgha
Makhleb
Nemelex Xobeh
Okawaru
Qazlal
Ru
Sif Muna
Trog
Uskayaw
Vehumet
Wu Jian
Xom
Yredelemnul
Zin
The Shining One

Shops:
D:6 (

Annotations:
D:7 Prince Ribbit
D:8 exclusion: oklob plant
D:10 3 runed translucent doors


Innate Abilities, Weirdness & Mutations

You have razor-sharp toenails.
You are completely covered in rugged brown scales. (AC +3, +7% HP)
You regenerate a little health from kills.
A meltable shield of frost defends you. (SH +4)


Message History

You riposte.
You closely miss the guardian serpent. Your kick misses the guardian serpent.
The guardian serpent is heavily wounded.
The guardian serpent hits you.
You hit the guardian serpent. You freeze the guardian serpent.
The guardian serpent is severely wounded.
You feel sick.
The guardian serpent coils itself and waves its upper body at you.
You resist with some effort. The guardian serpent hits you.
You are too injured to fight recklessly!
You are too injured to fight recklessly!
You are too injured to fight recklessly!
You are too injured to fight recklessly!
You are too injured to fight recklessly!
You are too injured to fight recklessly!
You closely miss the guardian serpent.
The guardian serpent is severely wounded.
You feel sick. The guardian serpent hits you!
The guardian serpent hits you but does no damage.
You barely miss the guardian serpent.
The guardian serpent is severely wounded.
You feel sick.
The guardian serpent casts a spell at you.
The bolt of poison hits you.
You are more poisoned.
You resist.
* * * LOW HITPOINT WARNING * * *
The guardian serpent hits you!
* * * LOW HITPOINT WARNING * * *
You barely miss the guardian serpent. Your kick misses the guardian serpent.
The guardian serpent is severely wounded.
You feel sick.
The guardian serpent closely misses you.
The guardian serpent hits you!
* * * LOW HITPOINT WARNING * * *
You barely miss the guardian serpent.
You claw the guardian serpent, but do no damage.
The guardian serpent is heavily wounded.
You die...
Your body crumbles into a pile of gold.

....# ... ......
...... #.#### .#####
#.#)!# #......
##S+$(# #.... #.@#/[#
#... .
#..######.###+#..
#................
##..}.............
....................
..........<..........
.................####
......###.########
...... #.#


You could see a guardian serpent.

Vanquished Creatures
  Harold (D:8)
  2 two-headed ogres (D:9)
  Pikel (D:7)
  Joseph (D:7)
  Maurice (D:10)
  Grinder (D:6)
  A hornet (D:9)
  A slime creature (D:8)
  A wraith (D:10)
  Eustachio (D:5)
  6 yaks
  A water moccasin (D:8)
  3 orc warriors
  2 sky beasts
  An ice beast (D:10)
  4 ogres
  4 centaurs
  2 phantoms (D:9)
  2 kobold brigands
  A lemure (D:7)
  7 bullfrogs
  3 scorpions (D:8)
  17 wights
  2 howler monkeys
  8 hounds
  2 jellies (D:6)
  A quasit (D:10)
  6 orc priests
  A bullfrog skeleton (D:5)
  3 iguanas (D:8)
  Ijyb (D:5)
  16 orc wizards
  3 worker ants
  A hound zombie (D:8)
  3 hound skeletons
  2 worker ant zombies
  13 adders
  3 gnolls
  2 shadow imps
  7 white imps
  An ufetubus (D:5)
  An ooze (D:1)
  2 adder skeletons
  3 worms
  8 leopard geckos
  24 orcs
  9 bats
  8 giant cockroaches
  11 goblins
  8 hobgoblins
  9 jackals
  8 kobolds
  6 quokkas
  2 ball pythons
  6 frilled lizards
  A quokka skeleton (D:4)
  4 rats
249 creatures vanquished.

Notes
Turn   | Place    | Note
-------+----------+-------------------------------------------
     0 | D:1      | ReteAZ the Demonspawn Fighter began the quest for the Orb.
     0 | D:1      | Reached XP level 1. HP: 18/18 MP: 1/1
    85 | D:1      | Reached skill level 2 in Short Blades
   154 | D:1      | Gained mutation: You are partially covered in rugged brown
                  | scales. (AC +1, +3% HP) [demonic ancestry]
   154 | D:1      | Reached XP level 2. HP: 17/24 MP: 2/2
   364 | D:1      | Gained mutation: You have sharp toenails. [demonic
                  | ancestry]
   364 | D:1      | Reached XP level 3. HP: 29/29 MP: 3/3
  1303 | D:2      | Gained mutation: You regenerate a little health from kills.
                  | [demonic ancestry]
  1303 | D:2      | Reached XP level 4. HP: 36/36 MP: 4/4
  1697 | D:3      | Reached skill level 3 in Short Blades
  1928 | D:3      | Gained mutation: You are mostly covered in rugged brown
                  | scales. (AC +2, +5% HP) [demonic ancestry]
  1928 | D:3      | Reached XP level 5. HP: 11/44 MP: 5/5
  2346 | D:3      | Reached skill level 4 in Short Blades
  2585 | D:3      | Found a shadowy altar of Dithmenos.
  3416 | D:4      | Found a staircase to the Ecumenical Temple.
  3427 | D:4      | Gained mutation: A meltable shield of frost defends you.
                  | (SH +4) [demonic ancestry]
  3427 | D:4      | Reached XP level 6. HP: 46/50 MP: 6/6
  3458 | Temple   | Entered the Ecumenical Temple
  3572 | Temple   | Became a worshipper of Gozag Ym Sagoz the Greedy
  3614 | D:4      | Found a bloodstained altar of Trog.
  3675 | D:4      | You fall into a shaft and drop 1 floor!
  3675 | D:5      | Entered Level 5 of the Dungeon
  3705 | D:5      | Noticed Eustachio
  3724 | D:5      | Killed Eustachio
  3725 | D:5      | Reached skill level 5 in Short Blades
  3888 | D:5      | Noticed a sky beast
  3913 | D:5      | Killed a sky beast
  3914 | D:5      | Reached skill level 6 in Short Blades
  3914 | D:5      | Reached XP level 7. HP: 40/56 MP: 7/7
  3914 | D:5      | Found a burning altar of Makhleb.
  4245 | D:4      | Found a hide-covered altar of Uskayaw.
  4245 | D:4      | Found a snail-covered altar of Cheibriados.
  4541 | D:5      | Found an ancient bone altar of Kikubaaqudgha.
  4742 | D:5      | Noticed Ijyb
  4759 | D:5      | Killed Ijyb
  5131 | D:5      | Reached skill level 7 in Short Blades
  5681 | D:6      | Reached skill level 8 in Short Blades
  5818 | D:6      | Gained mutation: You have razor-sharp toenails. [demonic
                  | ancestry]
  5818 | D:6      | Reached XP level 8. HP: 62/63 MP: 8/8
  6001 | D:6      | Found Feick's Antique Weapon Emporium.
  6061 | D:6      | Noticed Grinder
  6072 | D:6      | Paralysed by Grinder for 7 turns
  6083 | D:6      | Killed Grinder
  6084 | D:6      | Reached skill level 9 in Short Blades
  6721 | D:7      | Noticed Pikel
  6746 | D:7      | Killed Pikel
  6747 | D:7      | Reached skill level 10 in Short Blades
  6747 | D:7      | Gained mutation: You are completely covered in rugged brown
                  | scales. (AC +3, +7% HP) [demonic ancestry]
  6747 | D:7      | Reached XP level 9. HP: 42/69 MP: 9/9
  7208 | D:7      | Noticed Joseph
  7229 | D:7      | Reached skill level 11 in Short Blades
  7247 | D:7      | Killed Joseph
  7527 | D:7      | Noticed Prince Ribbit
  7743 | D:6      | Reached skill level 12 in Short Blades
  8297 | D:8      | Found a sacrificial altar of Ru.
  8297 | D:8      | Noticed an oklob plant
  8390 | D:8      | Noticed Harold
  8408 | D:8      | Killed Harold
  8409 | D:8      | Reached XP level 10. HP: 15/75 MP: 3/10
  8956 | D:8      | Reached skill level 13 in Short Blades
  9267 | D:9      | Noticed a two-headed ogre
  9705 | D:9      | Killed a two-headed ogre
  9817 | D:9      | Noticed a two-headed ogre
  9852 | D:9      | Killed a two-headed ogre
  9853 | D:9      | Reached skill level 14 in Short Blades
 11055 | D:9      | Reached skill level 5 in Fighting
 11055 | D:9      | Reached XP level 11. HP: 84/84 MP: 11/11
 12056 | D:10     | Entered Level 10 of the Dungeon
 12115 | D:10     | Found a runed translucent gate.
 12115 | D:10     | Found a runed translucent gate.
 12115 | D:10     | Noticed a red very ugly thing
 12115 | D:10     | Noticed a green ugly thing
 12116 | D:10     | Noticed a cyan ugly thing
 12116 | D:10     | Noticed a green ugly thing
 12121 | D:10     | Found a staircase to the Orcish Mines.
 12404 | D:10     | Noticed Maurice
 12411 | D:10     | Paralysed by Maurice for 6 turns
 12420 | D:10     | Paralysed by Maurice for 7 turns
 12430 | D:10     | Paralysed by Maurice for 5 turns
 12438 | D:10     | Killed Maurice
 12739 | D:6      | Bought an iridescent great sword for 218 gold pieces
 12739 | D:6      | Identified the +2 great sword of Untruth {freeze, rElec
                  | rPois Int-5 Dex-3} (You bought it in a shop on level 6 of
                  | the Dungeon)
 13046 | D:10     | Found a runed translucent gate.
 13159 | D:11     | HP: 1/86 [guardian serpent (14)]
 13160 | D:11     | Succumbed to a guardian serpent's bolt of poison

Illustrated notes

Levels and vault maps discovered:
D:1:      heliophobic_arrival_ceremonial_halls, layout_basic, serial_rivers,
          chequers_serial_rivers_small_b, chequers_serial_rivers_micro_d,
          chequers_serial_rivers_micro_a, chequers_serial_rivers_micro_e,
          serial_park_tiny_1
D:2:      layout_loops_cross
D:3:      layout_basic, grunt_dithmenos_smoke
D:4:      layout_gridville, gammafunk_temple_overflow_statue,
          minmay_temple_entry_mist, chequers_serial_rivers_micro_e,
          trog_hazing_becter
D:5:      layout_gridville, chequers_temple_overflow_statue_of_worship,
          uniq_ijyb, uniq_eustachio
D:6:      layout_basic, serial_shops, kennysheep_mini_moat, uniq_grinder
D:7:      layout_loops_ring, uniq_prince_ribbit1, uniq_joseph, uniq_pikel
D:8:      minmay_bubble_buster, layout_basic, lemuel_oklob_altar, uniq_harold
D:9:      layout_grid_maze
D:10:     layout_loops_ring, orc_0_dummy,
          ploomutoo_gammafunk_ghost_potion_laboratory, uniq_maurice
D:11:     layout_irregular_city, dpeg_oklobed_lair, serial_column_ruins,
          column_ruins_square_large, column_ruins_open_small,
          column_ruins_open_tiny, column_ruins_open_tiny,
          column_ruins_columns_T, column_ruins_columns_corner,
          column_ruins_grid_3, column_ruins_open_tiny, basic_altar,
          st_stairs_13, nrook_guardian_serpent_double
Temple:   compressed_dpeg_circular_temple

Skill      XL: |  1  2  3  4  5  6  7  8  9 10 |
---------------+-------------------------------+-----
Short Blades   | 2 3 4 6 8 10 12 14 | 14.0
Shields        | 3 4 |  4.7
Armour         | 3 4 |  4.7
Fighting       | 4 5 |  5.6

Action                   |  1- 3 |  4- 6 |  7- 9 | 10-12 || total
-------------------------+-------+-------+-------+-------++-------
Melee: Rapier            |    98 |   235 |   572 |   279 ||  1184
       Kick              |     9 |    46 |   184 |   140 ||   379
       Unarmed           |       |       |     6 |       ||     6
       Scimitar          |       |       |       |   108 ||   108
       Great sword       |       |       |       |    25 ||    25
Throw: Dart              |       |       |     1 |     4 ||     5
       Throwing net      |       |       |       |     3 ||     3
Evoke: Wand              |       |       |     6 |     1 ||     7
  Use: Potion            |       |     2 |       |       ||     2
       Scroll            |       |       |       |     1 ||     1
 Stab: Confused          |       |       |     1 |       ||     1
       Sleeping          |       |       |       |     1 ||     1
Armor: Scale mail        |    49 |    43 |       |       ||    92
       Chain mail        |       |    90 |   137 |       ||   227
       Skin              |       |       |     1 |       ||     1
       Ring mail         |       |       |    46 |   118 ||   164
Dodge: Dodged            |    39 |    43 |    75 |    82 ||   239
Block: Kite shield       |    59 |   106 |   269 |   206 ||   640
       Other             |       |       |       |     7 ||     7
       Rpst.: Scimitar   |       |       |       |     6 ||     6
       Great sword       |       |       |       |     4 ||     4

Table legend: (Time is in decaauts)
 A = Elapsed time spent in this place.
 B = Non-inter-level travel time spent in this place.
 C = Inter-level travel time spent in this place.
 D = Time resting spent in this place.
 E = Time spent auto-exploring this place.
 F = Levels seen in this place.
 G = Mean time per level.
                   A        B        C        D        E       F      G
               +--------+--------+--------+--------+--------+-----+--------+
         Total |  13188 |  12504 |    684 |    966 |   8905 |  12 | 1099.0 |
       Dungeon |  13062 |  12388 |    674 |    966 |   8816 |  11 | 1187.5 |
        Temple |    125 |    115 |     10 |      0 |     89 |   1 |  125.0 |
               +--------+--------+--------+--------+--------+-----+--------+

Top non-repeatable levels by time:
     D:9: 2379 daAuts
     D:8: 1665 daAuts
     D:6: 1460 daAuts
     D:3: 1428 daAuts
     D:7: 1370 daAuts
     D:4: 1105 daAuts
     D:5: 977 daAuts
    D:10: 942 daAuts
     D:2: 930 daAuts
     D:1: 773 daAuts
  Temple: 125 daAuts
    D:11: 28 daAuts
